 Dungeon Crawl Stone Soup version 0.29-a0-40-g8eb35efe60 (webtiles) character file.

Game seed: 5029508583677114633

5853 Ajdolov the Destroyer (level 10, -15/56 HPs)
             Began as an Octopode Earth Elementalist on Feb 1, 2022.
             Was an Initiate of Vehumet.
             Demolished by a two-headed ogre (27 damage)
             ... on level 9 of the Dungeon.
             The game lasted 00:24:47 (11550 turns).

Ajdolov the Destroyer (OpEE)                       Turns: 11550, Time: 00:24:47

Health: -15/56     AC:  1    Str:  9    XL:     10   Next: 81%
Magic:  7/19       EV: 13    Int: 21    God:    Vehumet [......]
Gold:   597        SH:  0    Dex: 12    Spells: 10/21 levels left

rFire   . . .      SeeInvis .   y - staff of earth
rCold   . . .      Faith    .   (no shield)
rNeg    . . .      Spirit   .   (helmet restricted)
rPois   .          Reflect  .   q - amulet of the acrobat
rElec   .          Harm     .   i - ring of flight
rCorr   .          Rampage  .   (no ring)
Will    .....                   (no ring)
Stlth   +++.......              (no ring)
HPRegen 0.18/turn               (no ring)
MPRegen 0.16/turn               (no ring)
                                (no ring)
                                (no ring)

@: flying
A: almost no armour, amphibious, 8 rings, camouflage 1, gelatinous body 1,
(nimble swimmer 1), tentacles
a: Renounce Religion


You were on level 9 of the Dungeon.
You worshipped Vehumet.
Vehumet was noncommittal.
You visited 2 branches of the dungeon, and saw 10 of its levels.
You also visited: Sewer.

You collected 625 gold pieces.
You spent 28 gold pieces at shops.

Inventory:

Hand Weapons
 c - a +1 short sword of speed
Missiles
 b - 292 stones
 E - a throwing net
Magical Staves
 y - a staff of earth (weapon)
Jewellery
 i - a ring of flight (left tentacle)
 q - an amulet of the acrobat (around mantle)
Wands
 s - a wand of acid (16)
 u - a wand of iceblast (17)
Scrolls
 g - a scroll of fog {unknown}
 h - a scroll of immolation {unknown}
 l - 2 scrolls of noise
 m - 3 scrolls of teleportation
 n - 3 scrolls of magic mapping {unknown}
 o - a scroll of fear {unknown}
 p - 2 scrolls of amnesia
 r - 3 scrolls of enchant weapon
 w - 2 scrolls of holy word {unknown}
 x - a scroll of vulnerability {unknown}
Potions
 a - 4 potions of curing
 d - 6 potions of haste
 f - 5 potions of mutation
 j - 2 potions of lignification
 k - a potion of heal wounds
 t - 3 potions of flight
 v - a potion of magic {unknown}
 z - a potion of might {unknown}
 A - 2 potions of brilliance {unknown}
 C - a potion of attraction {unknown}
 D - a potion of degeneration {unknown}
Miscellaneous
 B - a tin of tremorstones (2/2)


   Skills:
 - Level 2.0 Dodging
 - Level 2.6 Stealth
 + Level 6.3 Spellcasting
 - Level 8.9 Conjurations
 - Level 1.0 Transmutations
 + Level 6.0 Ice Magic
 + Level 6.0 Air Magic
 - Level 8.0 Earth Magic


You had 10 spell levels left.
You knew the following spells:

 Your Spells              Type           Power      Damage    Failure   Level
a - Sandblast             Erth           100%       2d20      1%          1
b - Stone Arrow           Conj/Erth      100%       3d13      1%          3
c - Freezing Cloud        Conj/Ice/Air   17%        6-21      16%         5
d - Blink                 Tloc           12%        N/A       14%         2

Your spell library contained the following spells:

 Spells                   Type           Power      Damage    Failure   Level
 Passwall                 Tmut/Erth      31%        N/A       2%          2
 Frozen Ramparts          Ice            62%        1d8       2%          3
 Mephitic Cloud           Conj/Pois/Air  27%        N/A       3%          3
 Ensorcelled Hibernation  Hex/Ice        38%        N/A       4%          2
 Dazzling Flash           Conj/Hex       50%        N/A       4%          3
 Summon Small Mammal      Summ           24%        N/A       10%         1
 Lightning Bolt           Conj/Air       18%        1d33      12%         5
 Petrify                  Tmut/Erth      38%        N/A       14%         4
 Iskenderun's Mystic Bla  Conj/Tloc      25%        2d7       16%         4
 Ice Form                 Ice/Tmut       21%        N/A       22%         4
 Ignite Poison            Fire/Tmut/Pois 8%         N/A       26%         3
 Summon Ice Beast         Ice/Summ       19%        N/A       26%         4
 Call Canine Familiar     Summ           6%         N/A       28%         3
 Lesser Beckoning         Tloc           6%         N/A       28%         3
 Summon Guardian Golem    Hex/Summ       6%         N/A       28%         3
 Starburst                Conj/Fire      12%        6d5       93%         6
 Manifold Assault         Tloc           6%         N/A       95%         5
 Maxwell's Capacitive Co  Air            15%        ∞         100%        8


Dungeon Overview and Level Annotations

Branches:
Dungeon (9/15)             Temple (1/1) D:5           Sewer (visited)
   Lair: D:8-11         Orc: D:9-12

Altars:
Ashenzari
Cheibriados
Dithmenos
Elyvilon
Fedhas
Gozag
Hepliaklqana
Kikubaaqudgha
Makhleb
Nemelex Xobeh
Okawaru
Qazlal
Ru
Sif Muna
Trog
Uskayaw
Vehumet
Wu Jian
Xom
Yredelemnul
Zin
The Shining One

Shops:
D:2 (   D:6 (   D:7 *

Annotations:
D:4 exclusion: necrophage
D:6 Maggie
D:9 exclusion: two-headed ogre


Innate Abilities, Weirdness & Mutations

You cannot wear most types of armour.
You are amphibious.
You can wear up to eight rings at the same time.
Your skin changes colour to match your surroundings (Stealth+).
Your rubbery body absorbs attacks. (AC +1, EV +1)
((You are camouflaged when in or above water. (Stealth+)))
You have tentacles for arms and can constrict up to eight enemies at once.


Message History

There is a large open door here.
A two-headed ogre comes into view.
It is wielding the +10 dark maul {vorpal} and a +0 giant club.
Okay, then.
Casting: Stone Arrow (safe; 1% risk of failure)
Confirm with . or Enter, or press ? or * to list all spells.
Aiming: Stone Arrow (safe; 1% risk of failure)
Press: ? - help, Shift-Dir - straight line, f - two-headed ogre
Aim: a two-headed ogre, wielding the +10 dark maul {vorpal} and a +0 giant club (asleep, 100% to hit)
You feel a surge of power!
The stone arrow hits the two-headed ogre!
The two-headed ogre is lightly wounded.
Casting: Stone Arrow (safe; 1% risk of failure)
Confirm with . or Enter, or press ? or * to list all spells.
Aiming: Stone Arrow (safe; 1% risk of failure)
Press: ? - help, Shift-Dir - straight line, f/p - two-headed ogre
Aim: a two-headed ogre, wielding the +10 dark maul {vorpal} and a +0 giant club (lightly wounded, 89% to hit)
You feel a surge of power!
The stone arrow hits the two-headed ogre.
The two-headed ogre is moderately wounded.
Casting: Stone Arrow (safe; 1% risk of failure)
Confirm with . or Enter, or press ? or * to list all spells.
Aiming: Stone Arrow (safe; 1% risk of failure)
Press: ? - help, Shift-Dir - straight line, f/p - two-headed ogre
Aim: a two-headed ogre, wielding the +10 dark maul {vorpal} and a +0 giant club (moderately wounded, 89% to hit)
You feel a surge of power!
The stone arrow hits the two-headed ogre!
The two-headed ogre is heavily wounded.
Casting: Stone Arrow (safe; 1% risk of failure)
Confirm with . or Enter, or press ? or * to list all spells.
Aiming: Stone Arrow (safe; 1% risk of failure)
Press: ? - help, Shift-Dir - straight line, f/p - two-headed ogre
Aim: a two-headed ogre, wielding the +10 dark maul {vorpal} and a +0 giant club (heavily wounded, 89% to hit)
You feel a surge of power!
The stone arrow hits the two-headed ogre!
The two-headed ogre is severely wounded.
The two-headed ogre hits you with the +10 dark maul {vorpal}!!!
Ouch! That really hurt!
* * * LOW HITPOINT WARNING * * *
The two-headed ogre hits you with a +0 giant club!!
You die...

.......# #..>.......
.......# #.#....#.##
##########.####.# ..
............# .# #
............# .
............# ..
###......###############
#.......#..'...........
##.......#..'..#@.......
.........#..#..#.O......
.........#.)#..#...#.#..
.....>...#..#..#.......
......≈..#..#..#...#.#..
......≈..#..#..#.......
.........#..#..#........
..#......#..#...........
..######.#''#


You could see a two-headed ogre.

Vanquished Creatures
  Harold (D:7)
  2 two-headed ogres
  A deep elf pyromancer (D:8)
  Psyche (D:9)
  Sigmund (D:2)
  A steam dragon (D:6)
  2 water moccasins
  3 orc warriors
  A necrophage (D:5)
  2 black bears
  An ogre (D:5)
  A centaur (D:9)
  3 kobold brigands
  2 gnoll sergeants
  A bullfrog (D:6)
  3 scorpions
  2 water moccasin skeletons
  4 killer bees (D:7)
  4 wights (D:8)
  3 howler monkeys (D:8)
  6 crimson imps (D:8)
  A centaur zombie (D:7)
  A bullfrog skeleton (D:6)
  3 hounds
  5 jellies
  A centaur skeleton (D:7)
  2 orc priests
  A scorpion zombie (D:5)
  An iguana (D:6)
  2 orc wizards (D:8)
  A hound zombie (D:5)
  Robin (D:3)
  10 gnolls
  7 adders
  2 river rats (Sewer)
  2 shadow imps (D:8)
  2 white imps
  2 worms
  A dart slug (D:1)
  19 orcs
  11 ball pythons
  4 bats
  13 endoplasms
  6 giant cockroaches
  20 goblins
  9 hobgoblins
  2 jackals (D:1)
  15 kobolds
  6 quokkas
  6 frilled lizards
  12 rats
213 creatures vanquished.

Notes
Turn   | Place    | Note
-------+----------+-------------------------------------------
     0 | D:1      | Ajdolov the Octopode Earth Elementalist began the quest for
                  | the Orb.
     0 | D:1      | Reached XP level 1. HP: 11/11 MP: 3/3
   133 | D:1      | Reached XP level 2. HP: 17/17 MP: 5/5
   349 | D:1      | Found a faded altar of an unknown god.
   844 | D:1      | Reached XP level 3. HP: 5/21 MP: 1/6
  1066 | D:1      | Learned a level 3 spell: Stone Arrow
  1897 | D:2      | Found Fudgheq's Weapon Boutique.
  2003 | D:2      | Noticed Sigmund
  2031 | D:2      | Killed Sigmund
  2032 | D:2      | Reached XP level 4. HP: 27/27 MP: 2/7
  2032 | D:2      | Reached XP level 5. HP: 31/31 MP: 2/8
  2367 | D:3      | Reached XP level 6. HP: 36/36 MP: 9/9
  2425 | D:3      | Noticed a water moccasin
  2490 | D:3      | Killed a water moccasin
  2920 | D:3      | Noticed Robin
  3180 | D:3      | Killed Robin
  3935 | D:4      | Noticed a necrophage
  4225 | D:4      | Reached XP level 7. HP: 41/41 MP: 8/10
  4693 | D:5      | Entered Level 5 of the Dungeon
  4701 | D:5      | Found a glowing drain.
  4748 | Sewer    | Entered a sewer
  4893 | Sewer    | Reached skill level 1 in Conjurations
  5144 | Sewer    | Found a viscous altar of Jiyva.
  5269 | D:5      | Learned a level 5 spell: Freezing Cloud
  5317 | D:5      | Reached XP level 8. HP: 46/46 MP: 8/12
  5563 | D:5      | Found a staircase to the Ecumenical Temple.
  5581 | D:5      | Reached skill level 1 in Ice Magic
  5581 | D:5      | Reached skill level 1 in Air Magic
  5884 | Temple   | Entered the Ecumenical Temple
  6344 | D:6      | Found an iron altar of Okawaru.
  6418 | D:6      | Learned a level 2 spell: Blink
  6471 | D:6      | Noticed Maggie
  6720 | D:6      | Found a shimmering altar of Xom.
  6809 | D:6      | Reached skill level 5 in Conjurations
  7117 | D:6      | Found Raedin's Weapon Shop.
  7359 | D:5      | Reached XP level 9. HP: 16/51 MP: 2/15
  8445 | D:7      | Found Ixixken's Incredible Inventory.
  8454 | D:7      | Bought a scroll of identify for 28 gold pieces
  8888 | D:7      | Noticed Harold
  9223 | D:8      | Got the Reference Book on Flying Hexes
  9440 | D:8      | Noticed a deep elf pyromancer
  9467 | D:8      | Killed a deep elf pyromancer
  9468 | D:8      | Reached skill level 5 in Spellcasting
  9645 | D:8      | Noticed a two-headed ogre
  9647 | D:8      | Killed a two-headed ogre
  9648 | D:8      | Reached XP level 10. HP: 56/56 MP: 9/18
  9762 | D:8      | Found a radiant altar of Vehumet.
  9762 | D:8      | Found an ornate altar of the Wu Jian Council.
  9767 | D:8      | Became a worshipper of Vehumet
 10019 | D:8      | Reached skill level 5 in Ice Magic
 10020 | D:8      | Reached skill level 5 in Air Magic
 10589 | D:7      | Killed Harold
 10865 | D:9      | Noticed Psyche
 11311 | D:9      | Killed Psyche
 11459 | D:9      | Noticed a two-headed ogre
 11484 | D:9      | Noticed a two-headed ogre
 11489 | D:9      | Killed a two-headed ogre
 11544 | D:9      | Noticed a two-headed ogre
 11550 | D:9      | Demolished by a two-headed ogre

Illustrated notes

Levels and vault maps discovered:
D:1:      erik_arrival_cave_to_civilisation [erik_arrival_cave_to_temple],
          layout_rooms, hellmonk_ecumenical_altar_crossroads, serial_glass,
          glass_columns_c, glass_columns_c, due_unseen_surprise,
          feat_on_display, item_on_display_a, minmay_strange_pillars
D:2:      cheibrodos_greedy_goblins, layout_basic, serial_shops,
          nicolae_shop_trees, bh_walls_and_bars, uniq_sigmund
D:3:      layout_loops_cross, eino_tiny_chamber, minmay_diced_spiral, uniq_robin
D:4:      layout_rooms, minmay_tree_intersection,
          hangedman_abyss_or_decor_passed
D:5:      layout_loops_ring, minmay_temple_entry_proselytizer,
          cheibrodos_sewer_entry_drain, minmay_puff
D:6:      layout_cave_pods, mainiacjoe_overflow_large_starburst,
          serial_column_ruins, column_ruins_pillar_3, column_ruins_pillar_5,
          column_ruins_pillar_3, column_ruins_pillar_1, column_ruins_pillar_2,
          column_ruins_pillar_2, column_ruins_pillar_1, column_ruins_pillar_3,
          column_ruins_pillar_2, column_ruins_pillar_10, column_ruins_pillar_9,
          serial_shops, shop_fountains, small_statue_intersection, uniq_maggie
D:7:      layout_basic, kennysheep_nondescript, nicolae_alphabet_shops,
          minmay_misc_feat_hallway, uniq_harold
D:8:      layout_basic, jmf_multi_god_temple, minmay_nine_imps
D:9:      layout_basic, hellmonk_guarded_unrand_dark_maul, uniq_psyche
Temple:   compressed_dpeg_circular_temple

Skill      XL: |  1  2  3  4  5  6  7  8  9 10 |
---------------+-------------------------------+-----
Earth Magic    | 4 6 7 8 |  8.0
Conjurations   | 3 5 8 |  8.9
Spellcasting   | 3 4 5 6 |  6.3
Ice Magic      | 3 4 6 |  6.0
Air Magic      | 3 4 6 |  6.0
Dodging        | |  2.0
Stealth        | |  2.6
Transmutations | |  1.0

Action                   |  1- 3 |  4- 6 |  7- 9 | 10-12 || total
-------------------------+-------+-------+-------+-------++-------
Melee: Short sword       |    57 |    39 |    65 |       ||   161
       Dagger            |     2 |       |       |       ||     2
       Constrict         |    15 |    11 |    19 |     1 ||    46
       Tentacles         |    10 |     8 |    25 |     1 ||    44
       Punch             |       |     1 |       |     1 ||     2
       Staff             |       |       |    22 |     4 ||    26
 Cast: Sandblast         |    23 |    24 |    72 |    23 ||   142
       Stone Arrow       |       |       |    49 |    44 ||    93
  Use: Scroll            |       |       |     7 |     3 ||    10
       Potion            |       |       |     1 |       ||     1
 Stab: Sleeping          |    15 |     4 |    10 |       ||    29
Armor: Skin              |     3 |     1 |     4 |       ||     8
Dodge: Dodged            |    24 |    16 |    62 |    15 ||   117

Table legend: (Time is in decaauts)
 A = Elapsed time spent in this place.
 B = Non-inter-level travel time spent in this place.
 C = Inter-level travel time spent in this place.
 D = Time resting spent in this place.
 E = Time spent auto-exploring this place.
 F = Levels seen in this place.
 G = Mean time per level.
                   A        B        C        D        E       F      G
               +--------+--------+--------+--------+--------+-----+--------+
         Total |  11513 |  11061 |    452 |   2553 |   6706 |  11 | 1046.6 |
       Dungeon |  10963 |  10525 |    438 |   2462 |   6454 |   9 | 1218.1 |
        Temple |     86 |     72 |     14 |      0 |     57 |   1 |   86.0 |
         Sewer |    462 |    462 |      0 |     91 |    195 |   1 |  462.0 |
               +--------+--------+--------+--------+--------+-----+--------+

Top non-repeatable levels by time:
     D:7: 1934 daAuts
     D:1: 1377 daAuts
     D:5: 1346 daAuts
     D:8: 1295 daAuts
     D:3: 1247 daAuts
     D:6: 1236 daAuts
     D:2: 1099 daAuts
     D:4: 940 daAuts
     D:9: 484 daAuts
   Sewer: 462 daAuts
  Temple: 86 daAuts
